 Dungeon Crawl Stone Soup version 0.22.1-1-ga44c0e56f4 (webtiles) character file.

1810 Peloso the Carver (level 8, 0/71 HPs)
             Began as a Minotaur Fighter on Oct 30, 2018.
             Was an Initiate of Okawaru.
             Slain by Harold
             ... wielding a +1 scimitar of flaming
              (7 damage)
             ... on level 7 of the Dungeon.
             The game lasted 00:12:34 (6350 turns).

Peloso the Carver (Minotaur Fighter)                Turns: 6350, Time: 00:12:35

Health: 0/71       AC:  6    Str: 22    XL:     8   Next: 84%
Magic:  0/7        EV:  8    Int:  5    God:    Okawaru [......]
Gold:   413        SH: 10    Dex: 17    Spells: 7/7 levels left

rFire    . . .     SeeInvis .   a - +0 long sword
rCold    . . .     Gourm    .   c - +0 shield
rNeg     . . .     Faith    .   b - +0 scale mail
rPois    .         Spirit   +   (helmet restricted)
rElec    .         Reflect  .   (no cloak)
rCorr    .         Harm     .   v - +2 pair of gloves of Levity {Dex+6}
MR       .....                  (no boots)
Stlth    ..........             x - amulet of guardian spirit
HPRegen  0.21/turn              (no ring)
MPRegen  0.10/turn              (no ring)

@: marked, corroded, heavily drained
A: retaliatory headbutt, horns 2
a: Renounce Religion


You were on level 7 of the Dungeon.
You worshipped Okawaru.
Okawaru was noncommittal.
You were not hungry.

You visited 2 branches of the dungeon, and saw 8 of its levels.
You also visited: Ossuary.

You collected 413 gold pieces.

Inventory:

Hand Weapons
 a - a +0 long sword (weapon)
Armour
 b - a +0 scale mail (worn)
 c - a +0 shield (worn)
 v - the +2 pair of gloves of Levity (worn) {Dex+6}
   (You found it on level 5 of the Dungeon)

   It affects your dexterity (+6).
Jewellery
 x - an amulet of guardian spirit (around neck)
Wands
 s - a wand of iceblast (8)
 u - a wand of digging (7)
Scrolls
 d - a scroll of silence {unknown}
 g - 5 scrolls of remove curse {unknown}
 h - 6 scrolls of identify {unknown}
 i - 6 scrolls of teleportation {unknown}
 k - 2 scrolls of blinking {unknown}
 l - 2 scrolls of fear {unknown}
 o - a scroll of brand weapon {unknown}
 p - 2 scrolls of noise {unknown}
 q - 3 scrolls of immolation {unknown}
 t - a scroll of fog {unknown}
Potions
 e - 3 potions of lignification {unknown}
 j - a potion of mutation {unknown}
 m - 2 potions of brilliance {unknown}
 n - a potion of berserk rage {unknown}
 r - 2 potions of curing {unknown}
 w - a potion of magic {unknown}
Comestibles
 f - 11 rations


   Skills:
 + Level 6.5(4.5) Fighting
 + Level 9.0(6.8) Long Blades
 + Level 7.0(4.9) Armour
 + Level 3.1(1.2) Dodging
 + Level 0.1(0.0) Stealth
 + Level 6.8(4.8) Shields


You had 7 spell levels left.
You didn't know any spells.
Your spell library contained the following spells:

 Spells                   Type           Power        Failure   Level  Hunger
 Beastly Appendage        Tmut           #.....       99%         1    ##.....
 Sticks to Snakes         Tmut           #.......     100%        2    ###....
 Spider Form              Tmut/Pois      #.........   100%        3    ####...
 Ice Form                 Ice/Tmut       #.......     100%        4    #####..
 Blade Hands              Tmut           #.........   100%        5    ######.


Dungeon Overview and Level Annotations

Branches:
Dungeon (7/15)             Temple (1/1) D:4

Altars:
Dithmenos
Elyvilon
Fedhas
Makhleb
Nemelex Xobeh
Okawaru
Qazlal
Ru
Sif Muna
Trog
Vehumet
Xom
Yredelemnul
Zin
The Shining One

Annotations:
D:6 1 runed door, nano's ghost, novice OpAs
D:7 Harold


Innate Abilities, Weirdness & Mutations

You reflexively headbutt those who attack you in melee.
You have a pair of horns on your head.


Message History

You slash Harold! Your headbutt misses Harold.
Harold is lightly wounded.
Harold hits you with a scimitar of flaming.
Harold burns you.
You hit Harold. You headbutt Harold, but do no damage.
Harold is lightly wounded.
Harold zaps a wand.
The bolt of acid hits you!
* * * LOW HITPOINT WARNING * * *
The acid corrodes you!
You are splashed with acid!
The acid burns!
* * * LOW HITPOINT WARNING * * *
Unknown command.
You hit Harold. You headbutt Harold, but do no damage.
Harold is moderately wounded.
Harold casts a spell at you. A sentinel's mark forms upon you.
Unknown command.
You hit Harold but do no damage.
Harold is moderately wounded.
Harold hits you with a scimitar of flaming!
You die...

#####.........# #.
..##.#######.# #..
#.##.# #.#
#..####.##.##### #.#
#..##..........# #.#
#..##.#.##.###.# #.#
##...#.#.##.# #.# #.#
###......#.##.###(###.#
.........).##...@.....#
.........########@#####
####..#### #.# #..# ..#
####..## ...# .......##
....# ###.....## #
###..# #......†#.# ..<#
#.......<..# ...#


You could see Harold.

Vanquished Creatures
  Sigmund (D:4)
  Duvessa (D:6)
  An orc warrior (D:6)
  A sky beast (D:6)
  An ogre (D:4)
  A centaur (D:6)
  2 elf zombies (Ossuary)
  Dowan (D:6)
  A scorpion (D:4)
  A howler monkey (D:5)
  A bullfrog zombie (D:4)
  3 hounds
  2 orc priests (D:4)
  A human zombie (Ossuary)
  2 orc wizards
  A bullfrog skeleton (D:4)
  Terence (D:2)
  Jessica (D:2)
  A worker ant (D:4)
  2 big kobold zombies (Ossuary)
  4 hound zombies
  4 mummies
  5 worker ant zombies
  9 gnolls
  10 adders
  A howler monkey skeleton (D:4)
  A shadow imp (D:5)
  An ooze (D:1)
  An adder skeleton (D:6)
  3 worms
  2 dart slugs
  5 leopard geckos
  23 orcs
  A ball python (D:3)
  2 giant cockroaches
  7 goblins
  4 hobgoblins
  12 jackals
  3 kobolds
  9 quokkas
  10 bats
  6 frilled lizards
  A gnoll zombie (Ossuary)
  3 goblin zombies
  5 hobgoblin zombies
  4 jackal zombies (Ossuary)
  4 kobold zombies (Ossuary)
  A leopard gecko skeleton (D:5)
  3 leopard gecko zombies (D:4)
  2 orc zombies (Ossuary)
  5 quokka zombies
  7 rats
  7 rat zombies (Ossuary)
191 creatures vanquished.

Notes
Turn   | Place    | Note
-------+----------+-------------------------------------------
     0 | D:1      | Peloso the Minotaur Fighter began the quest for the Orb.
     0 | D:1      | Reached XP level 1. HP: 19/19 MP: 0/0
    95 | D:1      | Reached XP level 2. HP: 13/27 MP: 1/1
   542 | D:1      | Reached XP level 3. HP: 32/33 MP: 2/2
   719 | D:1      | Reached skill level 3 in Long Blades
   883 | D:1      | Reached skill level 1 in Dodging
   941 | D:2      | Noticed Terence
   949 | D:2      | Killed Terence
   949 | D:2      | Reached XP level 4. HP: 39/40 MP: 3/3
  1219 | D:2      | Noticed a moth of wrath
  1222 | D:2      | Found a bloodstained altar of Trog.
  1313 | D:2      | Reached skill level 5 in Armour
  1313 | D:2      | Reached XP level 5. HP: 47/47 MP: 4/4
  1463 | D:2      | Noticed Jessica
  1466 | D:2      | Killed Jessica
  1868 | D:3      | HP: 2/47 [orc wizard/magic dart (2)]
  1875 | D:3      | Reached skill level 4 in Long Blades
  1875 | D:3      | Reached skill level 5 in Shields
  1875 | D:3      | Reached XP level 6. HP: 4/55 MP: 5/5
  2657 | D:4      | Noticed Sigmund
  2667 | D:4      | Killed Sigmund
  2667 | D:4      | Reached skill level 5 in Fighting
  2710 | D:4      | Reached skill level 5 in Long Blades
  2782 | D:4      | Reached XP level 7. HP: 39/61 MP: 6/6
  2794 | D:4      | Found a sand-covered staircase.
  2802 | Ossuary  | Entered an ossuary
  3050 | Ossuary  | Reached skill level 6 in Long Blades
  4022 | D:4      | Reached skill level 7 in Long Blades
  4063 | D:4      | Reached XP level 8. HP: 51/70 MP: 7/7
  4177 | D:4      | Found a staircase to the Ecumenical Temple.
  4192 | Temple   | Entered the Ecumenical Temple
  4563 | D:5      | Entered Level 5 of the Dungeon
  4740 | D:5      | Got a pair of scorched gloves
  4746 | D:5      | Identified the +2 pair of gloves of Levity {Dex+6} (You
                  | found it on level 5 of the Dungeon)
  5157 | D:6      | Noticed Dowan
  5160 | D:6      | Noticed Duvessa
  5170 | D:6      | Reached skill level 8 in Long Blades
  5210 | D:6      | Killed Dowan
  5223 | D:6      | Killed Duvessa
  5605 | D:6      | Found a runed door.
  5671 | D:6      | Noticed nano's ghost (novice OpAs)
  5743 | D:6      | Found an iron altar of Okawaru.
  5894 | D:6      | Became a worshipper of Warmaster Okawaru
  6311 | D:7      | Reached skill level 9 in Long Blades
  6332 | D:7      | Noticed Harold
  6350 | D:7      | Slain by Harold

Skill      XL: |  1  2  3  4  5  6  7  8 |
---------------+-------------------------+-----
Shields        | 4 5 6 |  6.8
Fighting       | 4 5 6 |  6.5
Armour         | 4 5 6 7 |  7.0
Long Blades    | 3 4 5 7 9 |  9.0
Dodging        | 1 2 3 |  3.1
Stealth        | |  0.1

Action                   |  1- 3 |  4- 6 |  7- 9 || total
-------------------------+-------+-------+-------++-------
Melee: Long sword        |    73 |   170 |   297 ||   540
       Headbutt          |    14 |    37 |    81 ||   132
  Use: Potion            |       |     1 |       ||     1
  Eat: Chunk             |       |     6 |     6 ||    12
       Ration            |       |       |     2 ||     2
Armor: Scale mail        |    34 |    71 |    87 ||   192
Dodge: Dodged            |    25 |    61 |    87 ||   173
Block: Shield            |    41 |    95 |   130 ||   266
       Rpst.: Long sword |     9 |    21 |    31 ||    61
